 Dungeon Crawl Stone Soup version 0.29.1-4-g47bece8355 (webtiles) character file.

Game seed: 14413160222140860740

42 Peloso the Covered (level 3, 33/33 HPs)
             Began as a Minotaur Fighter on Dec 3, 2022.
             Got out of the dungeon alive.
             The game lasted 00:03:28 (1383 turns).

Peloso the Covered (Minotaur Fighter)               Turns: 1383, Time: 00:03:29

Health: 33/33      AC:  9    Str: 20    XL:     3   Next: 33%
Magic:  2/2        EV:  9    Int:  5    God:
Gold:   86         SH:  4    Dex: 11    Spells: 2/2 levels left

rFire   . . .      SeeInvis .   a - +0 long sword
rCold   . . .      Faith    .   c - +0 buckler
rNeg    . . .      Spirit   .   b - +0 scale mail
rPois   .          Reflect  .   (helmet restricted)
rElec   .          Harm     .   (no cloak)
rCorr   .          Rampage  .   (no gloves)
Will    .....                   f - +1 pair of boots
Stlth   ..........              (no amulet)
HPRegen 0.11/turn               (no ring)
MPRegen 0.08/turn               (no ring)

@: no status effects
A: horns 2, retaliatory headbutt
a: no special abilities


You escaped.
You visited 1 branch of the dungeon, and saw 2 of its levels.

You collected 86 gold pieces.

Inventory:

Hand Weapons
 a - a +0 long sword (weapon)
Armour
 b - a +0 scale mail (worn)
 c - a +0 buckler (worn)
 f - a +1 pair of boots (worn)
Scrolls
 e - a scroll of acquirement
 g - a scroll of identify {unknown}
 h - a scroll of blinking {unknown}
 j - a scroll of silence {unknown}
Potions
 d - a potion of might
 i - a potion of resistance {unknown}
 k - a potion of mutation {unknown}


   Skills:
 + Level 3.9 Fighting
 + Level 3.0 Long Blades
 + Level 4.5 Armour
 + Level 0.6 Dodging
 + Level 3.8 Shields


You had 2 spell levels left.
You didn't know any spells.
Your spell library contained the following spells:

 Spells                   Type           Power      Damage    Failure   Level
 Ensorcelled Hibernation  Hex/Ice        0%         N/A       96%         2
 Passwall                 Tmut/Erth      0%         N/A       96%         2
 Poisonous Vapours        Pois/Air       0%         N/A       96%         2
 Swiftness                Air            0%         N/A       99%         3
 Corpse Rot               Necr/Pois/Air  0%         N/A       100%        4


Dungeon Overview and Level Annotations

Branches:
Dungeon (2/15)

Altars:

Shops:
D:2 (([=(


Innate Abilities, Weirdness & Mutations

You have a pair of horns on your head.
You reflexively headbutt those who attack you in melee.


Message History

A goblin comes into view. It is wielding a +0 club.
A goblin is nearby!
A goblin is nearby!
A goblin is nearby!
The goblin shouts!
You barely miss the goblin. Your headbutt misses the goblin.
The goblin closely misses you. You furiously retaliate!
You headbutt the goblin. You hit the goblin.
You kill the goblin!
You now have 75 gold pieces (gained 24).
Things that are here:
a +0 club; 7 stones
There is an entrance to Poimarun's Jewellery Emporium here.
Found 4 stones.
You see here 4 stones.
h - a scroll labelled WAMOICH GABY
There is a stone staircase leading down here.
Found 6 stones.
Found 5 stones.
j - a scroll labelled QEJOUL JIXASTU You now have 79 gold pieces (gained 4).
You now have 86 gold pieces (gained 7).
k - a lumpy black potion This is a scroll of acquirement!
(D) Dungeon
Where to? (Enter - D:12, ? - help)
What level of the Dungeon? (default 1, ? - help)
There is an abandoned shop here.
There is a stone staircase leading up here.
You climb upwards.
There is a stone staircase leading down here.
A quokka comes into view.
The quokka closely misses you.
You hit the quokka.
You kill the quokka!
Your Long Blades skill increases to level 3!
There is a staircase leading out of the dungeon here.
Are you sure you want to leave the Dungeon?
This will make you lose the game!
You have escaped!

.## ##...####.###...÷..##
.#####..####...###...##..######
........# #...................#
........# #.♣♣♣♣♣♣♣♣♣.........#
.#......###.♣PP......♣........###
.#......##..♣P...P...♣..........#
.#......##..♣..PP....♣......>..>.
.#..........♣..P.....♣..)........
............♣PP.@.P..♣...........
........#...♣P....P..♣.##........
.#......##..♣.......P♣.##........
.#..........♣..PP...P♣.##........
...>#####....♣♣♣♣♣♣♣♣♣.###.......
.##.##.................# ##.....#
.##...................###########
.##.##..................!......#
.......................[.......#


There were no monsters in sight!

Vanquished Creatures
  A worm (D:2)
  5 ball pythons
  2 endoplasms (D:1)
  A giant cockroach (D:1)
  3 goblins
  2 hobgoblins (D:1)
  5 jackals
  2 quokkas (D:1)
  8 bats
  2 kobolds (D:1)
  3 rats (D:1)
34 creatures vanquished.

Vanquished Creatures (others)
  10 fungi (D:1)
  3 plants (D:1)
13 creatures vanquished.

Grand Total: 47 creatures vanquished

Notes
Turn   | Place    | Note
-------+----------+-------------------------------------------
     0 | D:1      | Peloso the Minotaur Fighter began the quest for the Orb.
     0 | D:1      | Reached XP level 1. HP: 19/19 MP: 0/0
    49 | D:1      | Reached skill level 4 in Armour
   148 | D:1      | Reached XP level 2. HP: 20/27 MP: 1/1
   815 | D:2      | Found Poimarun's Jewellery Emporium.
   897 | D:2      | Found Vorudwufe's Antique Weapon Emporium.
   905 | D:2      | Reached XP level 3. HP: 31/33 MP: 2/2
   926 | D:2      | Found Pullef's Antique Weapon Shop.
  1021 | D:2      | Found Qariaw's Armour Boutique.
  1083 | D:2      | Found Mufotur's Antique Weapon Shoppe.
  1347 | D:2      | Identified a scroll of acquirement
  1383 | D:$      | Got out of the dungeon alive.

Illustrated notes

Levels and vault maps discovered:
D:1:      scummos_arrival_checkerplants, layout_rooms, serial_bayou_pond_a,
          kennysheep_minor_cross
D:2:      layout_basic, serial_shops, shop,
          nicolae_shop_competitors_out_of_business, shop_statue,
          nicolae_diamond_shop, nicolae_diamond_shop, serial_co_window_serial,
          co_window_paths_a, co_window_paths_b, co_window_corner_a,
          co_window_corner_a, co_window_of_opportunity_a, co_window_paths_c,
          co_window_unsneaky_path_d, co_window_corner_ca, glass_columns_b,
          glass_columns_c, glass_columns_b, glass_columns_a, glass_columns_a,
          kennysheep_nondescript

Skill      XL: |  1  2  3 |
---------------+----------+-----
Armour         | 4 |  4.5
Long Blades    | 3 |  3.0
Fighting       | |  3.9
Dodging        | |  0.6
Shields        | |  3.8

Action                   || total
-------------------------++-------
Melee: Long sword        ||    75
       Headbutt          ||     8
  Use: Scroll            ||     4
       Potion            ||     2
Armor: Scale mail        ||    44
Dodge: Dodged            ||    49
Block: Buckler           ||    19
